 Dungeon Crawl Stone Soup version 0.30-a0-1-g69b7b797bf (webtiles) character file.

Game seed: 7560485801635917008

17 BritishOli the Trooper (level 2, -1/24 HPs)
             Began as a Demonspawn Fighter on Aug 19, 2022.
             Slain by a quokka (2 damage)
             ... on level 1 of the Dungeon.
             The game lasted 00:00:21 (355 turns).

BritishOli the Trooper (Demonspawn Fighter)          Turns: 355, Time: 00:00:22

Health: -1/24      AC:  6    Str: 16    XL:     2   Next: 44%
Magic:  2/2        EV:  8    Int:  9    God:
Gold:   8          SH:  4    Dex: 12    Spells: 1/1 levels left

rFire   . . .      SeeInvis .    a - +0 long sword
rCold   . . .      Faith    .    c - +0 buckler
rNeg    . . .      Spirit   .    b - +0 scale mail
rPois   .          Reflect  .    (no helmet)
rElec   .          Harm     .    (no cloak)
rCorr   .          Rampage  .    (no gloves)
Will    .....                    (no boots)
Stlth   ..........               (no amulet)
HPRegen 0.08/turn                (no ring)
MPRegen 0.08/turn                (no ring)

@: no status effects
A: powered by pain 1
a: no special abilities


You were on level 1 of the Dungeon.
You visited 1 branch of the dungeon, and saw 1 of its levels.

You collected 8 gold pieces.

Inventory:

Hand Weapons
 a - a +0 long sword (weapon)
Armour
 b - a +0 scale mail (worn)
 c - a +0 buckler (worn)
Scrolls
 e - a scroll of immolation {unknown}
 f - a scroll of identify {unknown}
Potions
 d - a potion of might


   Skills:
 + Level 3.2 Fighting
 + Level 2.1 Long Blades
 + Level 2.9 Armour
 + Level 2.9 Shields


You had one spell level left.
You didn't know any spells.
Your spell library contained the following spells:

 Spells                   Type           Power      Damage    Failure   Level
 Sublimation of Blood     Necr           0%         N/A       96%         2
 Wereblood                Tmut           0%         N/A       96%         2
 Summon Hydra             Summ           0%         N/A       100%        7


Dungeon Overview and Level Annotations

Branches:
Dungeon (1/15)

Altars:


Innate Abilities, Weirdness & Mutations

You sometimes gain a little power by taking damage.


Message History

* * * LOW HITPOINT WARNING * * *
You block the frilled lizard's attack. The quokka barely misses you.
The frilled lizard completely misses you.
You block the quokka's attack. The frilled lizard bites you.
* * * LOW HITPOINT WARNING * * *
The quokka bites you but does no damage.
You block the frilled lizard's attack.
The quokka bites you but does no damage.
The quokka bites you.
* * * LOW HITPOINT WARNING * * *
The frilled lizard bites you but does no damage.
The quokka closely misses you.
The frilled lizard bites you but does no damage.
The quokka bites you.
* * * LOW HITPOINT WARNING * * *
The frilled lizard closely misses you.
The quokka bites you but does no damage.
You block the frilled lizard's attack.
The quokka bites you but does no damage.
The frilled lizard bites you but does no damage.
The quokka bites you but does no damage.
The quokka closely misses you. The frilled lizard closely misses you.
The quokka misses you. The frilled lizard barely misses you.
The quokka barely misses you. The frilled lizard barely misses you.
The quokka barely misses you.
The frilled lizard bites you but does no damage.
The quokka barely misses you. The frilled lizard closely misses you.
The quokka bites you but does no damage.
You block the quokka's attack. The frilled lizard barely misses you.
The quokka closely misses you. The frilled lizard bites you.
* * * LOW HITPOINT WARNING * * *
The quokka twitches its whiskers.
You block the quokka's attack. The frilled lizard closely misses you.
The quokka barely misses you. You block the frilled lizard's attack.
You block the quokka's attack. The frilled lizard barely misses you.
The quokka bites you.
You die...

#.# #.# #.#
#.# ### #.#
....## #.#
#...###.#
#..l.#.###.#
#..r@.....#
$(#...#####.##
$...# #.# .#)
#.# . .# #


You could see a quokka and a frilled lizard.

Vanquished Creatures
  4 ball pythons (D:1)
  2 endoplasms (D:1)
  2 goblins (D:1)
  A hobgoblin (D:1)
  A kobold (D:1)
  3 bats (D:1)
  A rat (D:1)
14 creatures vanquished.

Notes
Turn   | Place    | Note
-------+----------+-------------------------------------------
     0 | D:1      | BritishOli the Demonspawn Fighter began the quest for the
                  | Orb.
     0 | D:1      | Reached XP level 1. HP: 18/18 MP: 1/1
   146 | D:1      | Gained mutation: You sometimes gain a little power by
                  | taking damage. [demonic ancestry]
   146 | D:1      | Reached XP level 2. HP: 24/24 MP: 2/2
   343 | D:1      | HP: 1/24 [quokka (4)]
   352 | D:1      | HP: 1/24 [frilled lizard (1)]
   355 | D:1      | Slain by a quokka

Illustrated notes

Levels and vault maps discovered:
D:1:      ebering_hopf_link, layout_loops_ring, serial_shops, shop,
          minmay_pentomino_w4

Skill      XL: |  1 |
---------------+----+-----
Long Blades    | 2 |  2.1
Fighting       | |  3.2
Armour         | |  2.9
Shields        | |  2.9

Action                   || total
-------------------------++-------
Melee: Long sword        ||    40
Armor: Scale mail        ||    51
Dodge: Dodged            ||    46
Block: Buckler           ||    28

Table legend: (Time is in decaauts)
 A = Elapsed time spent in this place.
 B = Non-inter-level travel time spent in this place.
 C = Inter-level travel time spent in this place.
 D = Time resting spent in this place.
 E = Time spent auto-exploring this place.
 F = Levels seen in this place.
 G = Mean time per level.
                   A        B        C        D        E       F      G
               +--------+--------+--------+--------+--------+-----+--------+
         Total |    368 |    368 |      0 |      0 |    250 |   1 |  368.0 |
       Dungeon |    368 |    368 |      0 |      0 |    250 |   1 |  368.0 |
               +--------+--------+--------+--------+--------+-----+--------+

Top non-repeatable levels by time:
     D:1: 368 daAuts
